Rangers vs Canucks

Created - March 28, 2018 at 23:01

Goals
1 2 3 T
Rangers 2 0 0 2
Canucks 1 1 2 4
Shots
1 2 3 T
Rangers 19 6 4 29
Canucks 11 9 8 28

1st period

1. Canucks , Matt Stajan 13 (Chris Higgins 17) at 2:45
2. Rangers , James Neal 29 (Alex Tanguay 22, Stephen Weiss 18) at 10:42
3. Rangers , Matt Read 11 (Nathan Gerbe 7, Sean Couturier 11) at 19:41

Penalties :
Jamie McBain (Van) for Roughing (Minor) at 17:31

2nd period

4. Canucks , Matt Stajan 14 (Chris Higgins 18, Jiri Hudler 23) at 12:40

Penalties :
Sami Lepisto (Van) for Interference (Minor) at 0:59, Sean Couturier (NYR) for Holding (Minor) at 8:09, Matt Greene (NYR) for Hooking (Minor) at 15:13

3rd period

5. Canucks , Danny DeKeiser 1 (Jiri Hudler 24, Chris Higgins 19) at 12:31 (PP)
6. Canucks , Brad Boyes 48 (Clarke MacArthur 40, Mike Ribeiro 53) at 12:39 (PP)

Penalties :
Alex Tanguay (NYR) for Hooking (Minor) at 11:58, Jakob Silfverberg (NYR) for Tripping (Minor) at 12:34, Jakob Silfverberg (NYR) for Interference (Minor) at 13:01

Goalie Stats

Braden Holtby (NYR), 24 saves from 28 shots - (0.857), L, 12-8-1, 60:00 minutes
Karri Ramo (Van), 27 saves from 29 shots - (0.931), W, 2-1-0, 60:00 minutes

Players Stats for Rangers

Player Name              G  A  P  +/- PIM S  H  SB GA TA FO     MP     PP MP  PK MP  
------------------------------------------------------------------------------------
Alex Tanguay             0  1  1   0  2   0  4  0  0  0  6/11   23:25   3:26   2:49 
Alexei Emelin            0  0  0   1  0   0  2  1  0  0  0/0    15:03   0:00   0:00 
Cam Barker               0  0  0  -1  0   0  1  1  1  3  0/0    25:58   3:26   3:31 
Colten Teubert           0  0  0   1  0   0  0  0  0  0  0/0    15:48   0:00   0:45 
Darren Reid              0  0  0   0  0   3  2  0  0  0  2/4    17:41   2:55   0:00 
Jakob Silfverberg        0  0  0   0  4   4  2  0  1  0  0/0    19:27   3:05   0:03 
James Neal               1  0  1   0  0   2  1  0  0  0  1/1    13:22   0:53   0:17 
Mark Fistric             0  0  0  -1  0   1  3  1  0  1  0/0    22:54   0:32   3:31 
Matt Greene              0  0  0   0  2   0  0  1  0  0  0/0    18:13   0:32   2:19 
Matt Read                1  0  1   0  0   4  2  1  0  0  1/1    16:26   0:00   2:49 
Mike Cammalleri          0  0  0   0  0   1  1  0  1  1  0/0    13:10   0:53   1:18 
Milan Lucic              0  0  0   0  0   6  0  0  0  0  6/9    22:52   3:05   3:55 
Nathan Gerbe             0  1  1   0  0   1  0  1  0  0  0/0     9:59   0:00   0:00 
Patrice Bergeron         0  0  0   0  0   2  0  0  0  0  4/5     2:46   0:00   0:00 
Sean Couturier           0  1  1   0  2   2  0  0  1  0  2/5    13:51   0:10   1:13 
Staffan Kronwall         0  0  0   0  0   0  1  1  0  0  0/0    18:27   0:00   3:04 
Stephen Weiss            0  1  1   0  0   2  0  0  0  0  6/10   13:40   0:53   0:42 
Valtteri Filppula        0  0  0   0  0   1  2  2  0  0  3/7    10:18   0:00   0:04 

Players Stats for Canucks

Player Name              G  A  P  +/- PIM S  H  SB GA TA FO     MP     PP MP  PK MP  
------------------------------------------------------------------------------------
Alex Goligoski           0  0  0   0  0   0  3  1  0  1  0/0    27:58   4:12   1:12 
Ben Lovejoy              0  0  0  -1  0   1  1  1  0  0  0/0    21:07   2:23   2:46 
Brad Boyes               1  0  1  -1  0   4  0  0  1  0  0/1    23:41   3:38   2:46 
Chris Higgins            0  3  3   1  0   7  1  0  0  1  2/2    17:04   2:25   0:09 
Clarke MacArthur         0  1  1  -1  0   1  0  0  1  0  0/1    22:06   3:38   1:12 
Danny DeKeiser           1  0  1   1  0   1  0  0  0  0  0/0    17:27   4:12   0:00 
Darren Helm              0  0  0   0  0   0  1  0  0  0  0/0     7:16   0:00   0:00 
Jamie McBain             0  0  0   0  2   1  0  2  0  0  0/0    24:19   2:23   0:38 
Jiri Hudler              0  2  2   1  0   1  2  0  1  1  2/2    17:36   2:57   0:00 
Martins Karsums          0  0  0   0  0   2  0  0  0  0  0/0     7:26   0:00   0:00 
Matt Stajan              2  0  2   1  0   4  2  0  2  0  3/11   15:10   0:32   0:00 
Maxim Lapierre           0  0  0   0  0   0  1  0  0  0  1/2    10:04   0:00   0:00 
Mike Ribeiro             0  1  1  -1  0   1  3  0  0  0  13/31  23:32   3:38   2:46 
Nik Antropov             0  0  0   0  0   1  0  0  0  0  1/3     9:43   2:25   1:03 
Peter Prucha             0  0  0   0  0   0  2  0  0  0  0/0    10:02   0:00   0:00 
Ryan Hollweg             0  0  0   0  0   1  0  0  0  0  0/0    12:06   0:32   0:00 
Sami Lepisto             0  0  0  -1  2   1  1  0  0  0  0/0    15:31   0:00   0:34 
Shaone Morrisonn         0  0  0   1  0   2  1  0  0  1  0/0    13:52   0:00   2:46 

3 Stars

1 - Matt Stajan (Van)
2 - Chris Higgins (Van)
3 - Jiri Hudler (Van)

Power Play

Rangers - 0 on 2 Attempt(s) - 0.00%
Canucks - 2 on 5 Attempt(s) - 40.00%

Penalty Kill

Rangers - 3 on 5 Attempt(s) - 60.00% - Score 0 goal in Penalty Kill
Canucks - 2 on 2 Attempt(s) - 100.00% - Score 0 goal in Penalty Kill

Team Stat

Rangers - Hits : 21 - Faceoff Wins : 31 - Blocked Shots : 9 - Penalty Minutes : 10
Canucks - Hits : 18 - Faceoff Wins : 22 - Blocked Shots : 4 - Penalty Minutes : 4

Official

Referees : Furlatt Eric and Kimmerly Greg
Linesman : Tony Sericolo and Derek Nansen

Game Notes

Patrice Bergeron is injured at 9:28 of 1st period (Dislocated Patella)

Finance

Level 1 -- Attendance: 5699 (94.98%) -- Ticket Income $512,910
Level 2 -- Attendance: 4371 (87.42%) -- Ticket Income $231,663
Level 3 -- Attendance: 2000 (100.00%) -- Ticket Income $68,000
Level 4 -- Attendance: 4000 (100.00%) -- Ticket Income $84,000
Luxury Box -- Attendance: 1000 (100.00%) -- Ticket Income $104,000
Game was played at the Budweiser Coliseum.
Total Attendance: 17070 (94.83%)
Total Ticket Income: $1,000,573
Other Income: $150,086
Total Income: $1,150,659

Rangers

5 vs 5 Forward 
   Center                   Left Wing                Right Wing               Time % Phy DF OF 
 1 Patrice Bergeron         Milan Lucic              Jakob Silfverberg        40     1   2  2  
 2 Stephen Weiss            Alex Tanguay             James Neal               30     1   2  2  
 3 Valtteri Filppula        Mike Cammalleri          Darren Reid              20     1   2  2  
 4 Sean Couturier           Nathan Gerbe             Matt Read                10     1   2  2  

5 vs 5 Defense 
   Defense                  Defense                                           Time % Phy DF OF 
 1 Cam Barker               Mark Fistric                                      40     1   2  2  
 2 Matt Greene              Staffan Kronwall                                  30     1   2  2  
 3 Alexei Emelin            Colten Teubert                                    20     1   2  2  
 4 Cam Barker               Mark Fistric                                      10     1   2  2  

PowerPlay Forward 
   Center                   Left Wing                Right Wing               Time % Phy DF OF 
 1 Patrice Bergeron         Milan Lucic              Jakob Silfverberg        60     1   2  2  
 2 Stephen Weiss            Mike Cammalleri          James Neal               40     1   2  2  

PowerPlay Defense
   Defense                  Defense                                           Time % Phy DF OF 
 1 Cam Barker               Alex Tanguay                                      60     1   2  2  
 2 Matt Greene              Mark Fistric                                      40     1   2  2  

Penalty Kill 4 Players Forward 
   Center                   Wing                     Time % Phy DF OF 
 1 Milan Lucic              Patrice Bergeron         60     1   2  2  
 2 Jakob Silfverberg        James Neal               40     1   2  2  

Penalty Kill 4 Players Defense
   Defense                  Defense                  Time % Phy DF OF 
 1 Cam Barker               Mark Fistric             60     1   2  2  
 2 Matt Greene              Staffan Kronwall         40     1   2  2  

Penalty Kill - 3 Players Forward 
   Forward                                           Time % Phy DF OF 
 1 Milan Lucic                                       60     1   2  2  
 2 Patrice Bergeron                                  40     1   2  2  

Penalty Kill - 3 Players Defense
   Defense                  Defense                  Time % Phy DF OF 
 1 Cam Barker               Mark Fistric             60     1   2  2  
 2 Matt Greene              Staffan Kronwall         40     1   2  2  

4 vs 4 Forward 
   Center                   Wing                     Time % Phy DF OF 
 1 Milan Lucic              Patrice Bergeron         60     1   2  2  
 2 Jakob Silfverberg        James Neal               40     1   2  2  

4 vs 4 Defense
   Defense                  Defense                  Time % Phy DF OF 
 1 Cam Barker               Mark Fistric             60     1   2  2  
 2 Matt Greene              Staffan Kronwall         40     1   2  2  

Last Minutes Offensive
   Center                   Left Wing                Right Wing               Defense                  Defense                  
   Patrice Bergeron         Milan Lucic              Jakob Silfverberg        Cam Barker               Mark Fistric             

Last Minutes Defensive
   Center                   Left Wing                Right Wing               Defense                  Defense                  
   Patrice Bergeron         Milan Lucic              Jakob Silfverberg        Cam Barker               Mark Fistric             

Goaltenders
Starting : Braden Holtby            
Backup : Henrik Lundqvist         

Extra Forwards
Normal : Alex Tanguay, Darren Reid, Matt Read - PP : Alex Tanguay, Darren Reid - PK : Matt Read
Extra Defensemen
Normal : Alexei Emelin, Colten Teubert, Matt Greene - PP : Alexei Emelin - PK : Colten Teubert, Matt Greene
Penalty Shots
Milan Lucic, Patrice Bergeron, Jakob Silfverberg, James Neal, Mike Cammalleri

Scratches
Patrik Nemeth (Sprained Left Knee Injury), Ryan Suter (Healthy)

Canucks

5 vs 5 Forward 
   Center                   Left Wing                Right Wing               Time % Phy DF OF 
 1 Mike Ribeiro             Clarke MacArthur         Brad Boyes               60     0   0  5  
 2 Matt Stajan              Chris Higgins            Jiri Hudler              22     0   0  5  
 3 Maxim Lapierre           Ryan Hollweg             Peter Prucha             14     0   2  3  
 4 Nik Antropov             Darren Helm              Martins Karsums          4      0   3  2  

5 vs 5 Defense 
   Defense                  Defense                                           Time % Phy DF OF 
 1 Jamie McBain             Alex Goligoski                                    62     0   0  5  
 2 Ben Lovejoy              Sami Lepisto                                      20     0   0  5  
 3 Shaone Morrisonn         Danny DeKeiser                                    12     0   3  2  
 4 Alex Goligoski           Danny DeKeiser                                    6      0   0  5  

PowerPlay Forward 
   Center                   Left Wing                Right Wing               Time % Phy DF OF 
 1 Mike Ribeiro             Clarke MacArthur         Brad Boyes               80     0   0  5  
 2 Nik Antropov             Chris Higgins            Jiri Hudler              20     0   0  5  

PowerPlay Defense
   Defense                  Defense                                           Time % Phy DF OF 
 1 Danny DeKeiser           Alex Goligoski                                    80     0   0  5  
 2 Ben Lovejoy              Jamie McBain                                      20     0   0  5  

Penalty Kill 4 Players Forward 
   Center                   Wing                     Time % Phy DF OF 
 1 Mike Ribeiro             Brad Boyes               60     1   2  2  
 2 Clarke MacArthur         Nik Antropov             40     1   2  2  

Penalty Kill 4 Players Defense
   Defense                  Defense                  Time % Phy DF OF 
 1 Shaone Morrisonn         Ben Lovejoy              60     1   2  2  
 2 Jamie McBain             Alex Goligoski           40     1   2  2  

Penalty Kill - 3 Players Forward 
   Forward                                           Time % Phy DF OF 
 1 Mike Ribeiro                                      60     1   2  2  
 2 Brad Boyes                                        40     1   2  2  

Penalty Kill - 3 Players Defense
   Defense                  Defense                  Time % Phy DF OF 
 1 Alex Goligoski           Shaone Morrisonn         60     1   2  2  
 2 Jamie McBain             Alex Goligoski           40     1   2  2  

4 vs 4 Forward 
   Center                   Wing                     Time % Phy DF OF 
 1 Mike Ribeiro             Brad Boyes               60     0   0  5  
 2 Clarke MacArthur         Nik Antropov             40     1   2  2  

4 vs 4 Defense
   Defense                  Defense                  Time % Phy DF OF 
 1 Jamie McBain             Alex Goligoski           60     0   0  5  
 2 Ben Lovejoy              Alex Goligoski           40     1   2  2  

Last Minutes Offensive
   Center                   Left Wing                Right Wing               Defense                  Defense                  
   Mike Ribeiro             Clarke MacArthur         Brad Boyes               Alex Goligoski           Jamie McBain             

Last Minutes Defensive
   Center                   Left Wing                Right Wing               Defense                  Defense                  
   Mike Ribeiro             Clarke MacArthur         Brad Boyes               Shaone Morrisonn         Alex Goligoski           

Goaltenders
Starting : Karri Ramo               
Backup : Joe Cannata              

Extra Forwards
Normal : Matt Stajan, Ryan Hollweg, Clarke MacArthur - PP : Matt Stajan, Ryan Hollweg - PK : Chris Higgins
Extra Defensemen
Normal : Ben Lovejoy, Sami Lepisto, Jamie McBain - PP : Shaone Morrisonn - PK : Sami Lepisto, Jamie McBain
Penalty Shots
Mike Ribeiro, Brad Boyes, Clarke MacArthur, Nik Antropov, Jiri Hudler

Scratches
Jordan LaVallee (Healthy), Stefan Ruzicka (Healthy), Michal Neuvirth (Healthy)

% Time on Ice - Rangers

Lines # - Real PCT - Wanted PCT - Time Play
Normal Forward
1 - 35% - 40% - 17:06
2 - 25% - 30% - 12:13
3 - 21% - 20% - 10:09
4 - 20% - 10% - 9:59
Normal Defense
1 - 37% - 40% - 18:24
2 - 31% - 30% - 15:23
3 - 30% - 20% - 15:03
4 - 1% - 10% - 0:37
PP Forward
1 - 78% - 60% - 3:05
2 - 22% - 40% - 0:53
PP Defense
1 - 87% - 60% - 3:26
2 - 13% - 40% - 0:32
PK Forward
1 - 96% - 60% - 6:18
2 - 4% - 40% - 0:17
PK Defense
1 - 53% - 60% - 3:31
2 - 47% - 40% - 3:04
PK3 Forward
1 - 0% - 60%
2 - 0% - 40%
PK3 Defense
1 - 0% - 60%
2 - 0% - 40%
44 Forward
1 - 0% - 60%
2 - 0% - 40%
44 Defense
1 - 0% - 60%
2 - 0% - 40%
Last Minute Offensive  - 0:00
Last Minute Defensive  - 0:00
Total
Forward - 60:00
Defense - 60:00

% Time on Ice - Canucks

Lines # - Real PCT - Wanted PCT - Time Play
Normal Forward
1 - 36% - 60% - 17:38
2 - 32% - 22% - 15:47
3 - 20% - 14% - 9:52
4 - 12% - 4% - 6:10
Normal Defense
1 - 42% - 62% - 20:42
2 - 32% - 20% - 15:54
3 - 20% - 12% - 10:06
4 - 6% - 6% - 2:45
PP Forward
1 - 63% - 80% - 4:10
2 - 37% - 20% - 2:25
PP Defense
1 - 64% - 80% - 4:12
2 - 36% - 20% - 2:23
PK Forward
1 - 74% - 60% - 2:55
2 - 26% - 40% - 1:03
PK Defense
1 - 70% - 60% - 2:46
2 - 30% - 40% - 1:12
PK3 Forward
1 - 0% - 60%
2 - 0% - 40%
PK3 Defense
1 - 0% - 60%
2 - 0% - 40%
44 Forward
1 - 0% - 60%
2 - 0% - 40%
44 Defense
1 - 0% - 60%
2 - 0% - 40%
Last Minute Offensive  - 0:00
Last Minute Defensive  - 0:00
Total
Forward - 60:00
Defense - 60:00

Play by Play

1st period


0:01 of 1st period - Patrice Bergeron wins face-off versus Mike Ribeiro in neutral zone.
0:04 of 1st period - Brad Boyes is hit by Mark Fistric.
0:26 of 1st period - Cam Barker is hit by Chris Higgins and loses puck.
1:13 of 1st period - Snap shot by Sean Couturier.
1:13 of 1st period - Stopped by Karri Ramo with a rebound.
1:15 of 1st period - Snap shot by Colten Teubert.
1:15 of 1st period - Shot Misses the Net.
1:59 of 1st period - Snap shot by Chris Higgins.
1:59 of 1st period - Stopped by Braden Holtby without a rebound.
2:00 of 1st period - Mike Ribeiro wins face-off versus Valtteri Filppula in Rangers zone.
2:29 of 1st period - Wrist shot by Patrice Bergeron.
2:29 of 1st period - Shot Misses the Net.
2:31 of 1st period - Slapshot by Milan Lucic.
2:31 of 1st period - Stopped by Karri Ramo with a rebound.
2:33 of 1st period - Wrist shot by Milan Lucic.
2:33 of 1st period - Stopped by Karri Ramo without a rebound.
2:34 of 1st period - Patrice Bergeron wins face-off versus Matt Stajan in Canucks zone.
2:35 of 1st period - Snap shot by Milan Lucic.
2:35 of 1st period - Deflect By Patrice Bergeron.
2:35 of 1st period - Stopped by Karri Ramo with a rebound.
2:37 of 1st period - Slapshot by Cam Barker.
2:37 of 1st period - Deflect By Patrice Bergeron.
2:37 of 1st period - Deflect By Jiri Hudler.
2:37 of 1st period - Shot Misses the Net.
2:37 of 1st period - Puck is out of play.
2:38 of 1st period - Matt Stajan wins face-off versus Stephen Weiss in Canucks zone.
2:45 of 1st period - Wrist shot by Matt Stajan.
2:45 of 1st period - Goal by Matt Stajan - Rangers : 0 - Canucks : 1.
2:46 of 1st period - Patrice Bergeron wins face-off versus Brad Boyes in neutral zone.
2:57 of 1st period - Slapshot by Jakob Silfverberg.
2:57 of 1st period - Shot Misses the Net.
2:59 of 1st period - Snap shot by Jakob Silfverberg.
2:59 of 1st period - Stopped by Karri Ramo with a rebound.
3:01 of 1st period - Snap shot by Patrice Bergeron.
3:01 of 1st period - Shot Hit the Post.
3:11 of 1st period - James Neal is hit by Peter Prucha and loses puck.
3:36 of 1st period - Snap shot by Chris Higgins.
3:36 of 1st period - Stopped by Braden Holtby without a rebound.
3:37 of 1st period - Mike Ribeiro wins face-off versus Sean Couturier in Rangers zone.
4:00 of 1st period - Snap shot by Matt Read.
4:00 of 1st period - Deflect By Sean Couturier.
4:00 of 1st period - Shot Misses the Net.
4:00 of 1st period - Puck is out of play.
4:01 of 1st period - Jiri Hudler wins face-off versus Patrice Bergeron in Canucks zone.
4:14 of 1st period - Snap shot by Matt Stajan.
4:14 of 1st period - Stopped by Braden Holtby with a rebound.
4:38 of 1st period - Slapshot by Clarke MacArthur.
4:38 of 1st period - Shot Misses the Net.
4:52 of 1st period - Snap shot by Nik Antropov.
4:52 of 1st period - Stopped by Braden Holtby with a rebound.
4:54 of 1st period - Wrist shot by Martins Karsums.
4:54 of 1st period - Stopped by Braden Holtby with a rebound.
4:56 of 1st period - Snap shot by Ben Lovejoy.
4:56 of 1st period - Stopped by Braden Holtby with a rebound.
5:00 of 1st period - Wrist shot by Martins Karsums.
5:00 of 1st period - Stopped by Braden Holtby with a rebound.
5:12 of 1st period - Wrist shot by Peter Prucha.
5:12 of 1st period - Shot Misses the Net.
5:14 of 1st period - Slapshot by Shaone Morrisonn.
5:14 of 1st period - Shot Misses the Net.
5:16 of 1st period - Slapshot by Danny DeKeiser.
5:16 of 1st period - Shot Misses the Net.
5:36 of 1st period - Slapshot by Milan Lucic.
5:36 of 1st period - Shot Misses the Net.
5:38 of 1st period - Slapshot by Staffan Kronwall.
5:38 of 1st period - Shot Misses the Net.
5:40 of 1st period - Snap shot by Patrice Bergeron.
5:40 of 1st period - Stopped by Karri Ramo with a rebound.
5:42 of 1st period - Snap shot by Staffan Kronwall.
5:42 of 1st period - Shot Misses the Net.
6:58 of 1st period - Milan Lucic is hit by Alex Goligoski and loses puck.
7:59 of 1st period - Matt Read is hit by Alex Goligoski and loses puck.
8:13 of 1st period - Off-side.
8:14 of 1st period - Matt Stajan wins face-off versus Stephen Weiss in neutral zone.
8:28 of 1st period - Snap shot by Alex Tanguay.
8:28 of 1st period - Shot Misses the Net.
8:58 of 1st period - Icing by Milan Lucic.
8:59 of 1st period - Maxim Lapierre wins face-off versus Valtteri Filppula in Rangers zone.
9:10 of 1st period - Snap shot by Mike Cammalleri.
9:10 of 1st period - Stopped by Karri Ramo with a rebound.
9:26 of 1st period - Snap shot by Brad Boyes.
9:26 of 1st period - Stopped by Braden Holtby without a rebound.
9:27 of 1st period - Patrice Bergeron wins face-off versus Mike Ribeiro in Rangers zone.
9:27 of 1st period - Patrice Bergeron is hit by Mike Ribeiro.
9:28 of 1st period - Patrice Bergeron from Rangers is injured at 9:28 of 1st period (Dislocated Patella).
9:29 of 1st period - Alex Tanguay wins face-off versus Mike Ribeiro in Rangers zone.
9:55 of 1st period - Mike Cammalleri is hit by Matt Stajan and loses puck.
10:26 of 1st period - Snap shot by Matt Read.
10:26 of 1st period - Stopped by Karri Ramo with a rebound.
10:42 of 1st period - Snap shot by James Neal.
10:42 of 1st period - Goal by James Neal - Rangers : 1 - Canucks : 1.
10:43 of 1st period - Alex Tanguay wins face-off versus Mike Ribeiro in neutral zone.
10:48 of 1st period - Snap shot by Milan Lucic.
10:48 of 1st period - Stopped by Karri Ramo without a rebound.
10:49 of 1st period - Milan Lucic wins face-off versus Mike Ribeiro in Canucks zone.
10:52 of 1st period - Slapshot by Jakob Silfverberg.
10:52 of 1st period - Stopped by Karri Ramo without a rebound.
10:53 of 1st period - Mike Ribeiro wins face-off versus Alex Tanguay in Canucks zone.
11:12 of 1st period - Alex Goligoski is hit by Alex Tanguay and loses puck.
11:39 of 1st period - Wrist shot by Jakob Silfverberg.
11:39 of 1st period - Shot Misses the Net.
11:55 of 1st period - Wrist shot by Jakob Silfverberg.
11:55 of 1st period - Stopped by Karri Ramo without a rebound.
11:56 of 1st period - Valtteri Filppula wins face-off versus Matt Stajan in Canucks zone.
11:57 of 1st period - Wrist shot by Darren Reid.
11:57 of 1st period - Stopped by Karri Ramo with a rebound.
11:59 of 1st period - Backhand shot by Darren Reid.
11:59 of 1st period - Stopped by Karri Ramo without a rebound.
12:00 of 1st period - Chris Higgins wins face-off versus Valtteri Filppula in Canucks zone.
12:00 of 1st period - Chris Higgins is hit by Valtteri Filppula.
12:51 of 1st period - Wrist shot by Mike Cammalleri.
12:51 of 1st period - Shot Misses the Net.
12:59 of 1st period - Slapshot by Valtteri Filppula.
12:59 of 1st period - Stopped by Karri Ramo with a rebound.
13:45 of 1st period - Snap shot by Jakob Silfverberg.
13:45 of 1st period - Stopped by Karri Ramo with a rebound.
14:39 of 1st period - Snap shot by Chris Higgins.
14:39 of 1st period - Stopped by Braden Holtby without a rebound.
14:40 of 1st period - Stephen Weiss wins face-off versus Mike Ribeiro in Rangers zone.
15:54 of 1st period - Alexei Emelin is hit by Alex Goligoski and loses puck.
16:07 of 1st period - Snap shot by Alex Goligoski.
16:07 of 1st period - Deflect By Martins Karsums.
16:07 of 1st period - Shot Blocked by Valtteri Filppula.
16:07 of 1st period - Puck is out of play.
16:08 of 1st period - Valtteri Filppula wins face-off versus Nik Antropov in Rangers zone.
16:39 of 1st period - Snap shot by Brad Boyes.
16:39 of 1st period - Shot Misses the Net.
16:41 of 1st period - Slapshot by Alex Goligoski.
16:41 of 1st period - Deflect By Clarke MacArthur.
16:41 of 1st period - Stopped by Braden Holtby with a rebound.
16:58 of 1st period - Alexei Emelin is hit by Matt Stajan and loses puck.
17:05 of 1st period - Wrist shot by Sean Couturier.
17:05 of 1st period - Stopped by Karri Ramo without a rebound.
17:06 of 1st period - Mike Ribeiro wins face-off versus Valtteri Filppula in Canucks zone.
17:06 of 1st period - Mike Ribeiro is hit by Valtteri Filppula.
17:24 of 1st period - Icing by Mark Fistric.
17:25 of 1st period - Valtteri Filppula wins face-off versus Matt Stajan in Rangers zone.
17:31 of 1st period - Minor Penalty to Jamie McBain for Roughing.
17:32 of 1st period - Darren Reid wins face-off versus Mike Ribeiro in Canucks zone.
18:05 of 1st period - Ben Lovejoy is hit by Alex Tanguay and loses puck.
19:29 of 1st period - Wrist shot by Jakob Silfverberg.
19:29 of 1st period - Shot Misses the Net.
19:31 of 1st period - Penalty to Jamie McBain is over, Jamie McBain is back on ice.
19:35 of 1st period - Wrist shot by Darren Reid.
19:35 of 1st period - Stopped by Karri Ramo without a rebound.
19:36 of 1st period - Sean Couturier wins face-off versus Matt Stajan in Canucks zone.
19:41 of 1st period - Snap shot by Matt Read.
19:41 of 1st period - Goal by Matt Read - Rangers : 2 - Canucks : 1.
19:42 of 1st period - Sean Couturier wins face-off versus Matt Stajan in neutral zone.
Goals for this period are 2 for Rangers vs 1 for Canucks.
Shots for this period are 19 for Rangers vs 11 for Canucks.

2nd period


0:01 of 2nd period - Alex Tanguay wins face-off versus Clarke MacArthur in neutral zone.
0:51 of 2nd period - Snap shot by Alex Tanguay.
0:51 of 2nd period - Shot Misses the Net.
0:53 of 2nd period - Wrist shot by James Neal.
0:53 of 2nd period - Shot Hit the Post.
0:55 of 2nd period - Wrist shot by Stephen Weiss.
0:55 of 2nd period - Stopped by Karri Ramo without a rebound.
0:56 of 2nd period - Mike Ribeiro wins face-off versus Alex Tanguay in Canucks zone.
0:56 of 2nd period - Mike Ribeiro is hit by Jakob Silfverberg.
0:59 of 2nd period - Minor Penalty to Sami Lepisto for Interference.
1:00 of 2nd period - Mike Ribeiro wins face-off versus Darren Reid in Canucks zone.
1:10 of 2nd period - Slapshot by Alex Tanguay.
1:10 of 2nd period - Shot Blocked by Ben Lovejoy.
1:12 of 2nd period - Slapshot by Cam Barker.
1:12 of 2nd period - Shot Misses the Net.
1:14 of 2nd period - Slapshot by Alex Tanguay.
1:14 of 2nd period - Shot Misses the Net.
1:16 of 2nd period - Wrist shot by Milan Lucic.
1:16 of 2nd period - Stopped by Karri Ramo without a rebound.
1:17 of 2nd period - Stephen Weiss wins face-off versus Mike Ribeiro in Canucks zone.
1:28 of 2nd period - Wrist shot by James Neal.
1:28 of 2nd period - Stopped by Karri Ramo without a rebound.
1:29 of 2nd period - Mike Ribeiro wins face-off versus Darren Reid in Canucks zone.
1:42 of 2nd period - Snap shot by Brad Boyes.
1:42 of 2nd period - Shot Misses the Net.
2:59 of 2nd period - Penalty to Sami Lepisto is over, Sami Lepisto is back on ice.
3:33 of 2nd period - Slapshot by Jiri Hudler.
3:33 of 2nd period - Stopped by Braden Holtby with a rebound.
3:35 of 2nd period - Snap shot by Chris Higgins.
3:35 of 2nd period - Shot Misses the Net.
3:37 of 2nd period - Snap shot by Jiri Hudler.
3:37 of 2nd period - Shot Misses the Net.
3:39 of 2nd period - Wrist shot by Jiri Hudler.
3:39 of 2nd period - Shot Misses the Net.
4:09 of 2nd period - Slapshot by Danny DeKeiser.
4:09 of 2nd period - Shot Blocked by Matt Greene.
4:40 of 2nd period - Icing by Alex Goligoski.
4:41 of 2nd period - Stephen Weiss wins face-off versus Matt Stajan in Canucks zone.
5:20 of 2nd period - Milan Lucic is hit by Ben Lovejoy.
5:49 of 2nd period - Off-side.
5:50 of 2nd period - Stephen Weiss wins face-off versus Mike Ribeiro in neutral zone.
5:59 of 2nd period - Stephen Weiss is hit by Sami Lepisto and loses puck.
8:02 of 2nd period - Slapshot by Jamie McBain.
8:02 of 2nd period - Shot Blocked by Nathan Gerbe.
8:09 of 2nd period - Minor Penalty to Sean Couturier for Holding.
8:10 of 2nd period - Milan Lucic wins face-off versus Mike Ribeiro in Rangers zone.
10:09 of 2nd period - Penalty to Sean Couturier is over, Sean Couturier is back on ice.
10:22 of 2nd period - Icing by Jamie McBain.
10:23 of 2nd period - Milan Lucic wins face-off versus Maxim Lapierre in Canucks zone.
10:50 of 2nd period - Snap shot by Matt Read.
10:50 of 2nd period - Shot Misses the Net.
11:02 of 2nd period - Wrist shot by Stephen Weiss.
11:02 of 2nd period - Shot Blocked by Jamie McBain.
11:04 of 2nd period - Snap shot by Stephen Weiss.
11:04 of 2nd period - Stopped by Karri Ramo without a rebound.
11:05 of 2nd period - Stephen Weiss wins face-off versus Mike Ribeiro in Canucks zone.
11:28 of 2nd period - Milan Lucic is hit by Shaone Morrisonn and loses puck.
11:49 of 2nd period - Slapshot by Chris Higgins.
11:49 of 2nd period - Stopped by Braden Holtby without a rebound.
11:50 of 2nd period - Jiri Hudler wins face-off versus Sean Couturier in Rangers zone.
11:59 of 2nd period - Slapshot by Matt Read.
11:59 of 2nd period - Stopped by Karri Ramo with a rebound.
12:34 of 2nd period - Slapshot by Chris Higgins.
12:34 of 2nd period - Shot Misses the Net.
12:36 of 2nd period - Wrist shot by Chris Higgins.
12:36 of 2nd period - Stopped by Braden Holtby with a rebound.
12:38 of 2nd period - Wrist shot by Chris Higgins.
12:38 of 2nd period - Shot Blocked by Matt Read.
12:40 of 2nd period - Snap shot by Matt Stajan.
12:40 of 2nd period - Goal by Matt Stajan - Rangers : 2 - Canucks : 2.
12:41 of 2nd period - Mike Ribeiro wins face-off versus Alex Tanguay in neutral zone.
13:06 of 2nd period - Shaone Morrisonn is hit by Mark Fistric and loses puck.
13:15 of 2nd period - Slapshot by Brad Boyes.
13:15 of 2nd period - Shot Blocked by Valtteri Filppula.
13:17 of 2nd period - Slapshot by Alex Goligoski.
13:17 of 2nd period - Deflect By Mike Ribeiro.
13:17 of 2nd period - Stopped by Braden Holtby without a rebound.
13:18 of 2nd period - Alex Tanguay wins face-off versus Matt Stajan in Rangers zone.
13:34 of 2nd period - Icing by Chris Higgins.
13:35 of 2nd period - Stephen Weiss wins face-off versus Matt Stajan in Canucks zone.
13:54 of 2nd period - Snap shot by Matt Stajan.
13:54 of 2nd period - Stopped by Braden Holtby without a rebound.
13:55 of 2nd period - Alex Tanguay wins face-off versus Mike Ribeiro in Rangers zone.
14:37 of 2nd period - Snap shot by Matt Read.
14:37 of 2nd period - Shot Misses the Net.
14:39 of 2nd period - Slapshot by Matt Read.
14:39 of 2nd period - Stopped by Karri Ramo without a rebound.
14:40 of 2nd period - Chris Higgins wins face-off versus Sean Couturier in Canucks zone.
14:57 of 2nd period - Wrist shot by Chris Higgins.
14:57 of 2nd period - Stopped by Braden Holtby with a rebound.
15:11 of 2nd period - Snap shot by Chris Higgins.
15:11 of 2nd period - Stopped by Braden Holtby with a rebound.
15:13 of 2nd period - Minor Penalty to Matt Greene for Hooking.
15:14 of 2nd period - Milan Lucic wins face-off versus Mike Ribeiro in Rangers zone.
15:25 of 2nd period - Slapshot by Clarke MacArthur.
15:25 of 2nd period - Shot Misses the Net.
15:27 of 2nd period - Snap shot by Clarke MacArthur.
15:27 of 2nd period - Shot Blocked by Cam Barker.
15:46 of 2nd period - Snap shot by Brad Boyes.
15:46 of 2nd period - Stopped by Braden Holtby without a rebound.
15:47 of 2nd period - Milan Lucic wins face-off versus Nik Antropov in Rangers zone.
16:05 of 2nd period - Milan Lucic is hit by Jiri Hudler and loses puck.
17:13 of 2nd period - Penalty to Matt Greene is over, Matt Greene is back on ice.
18:24 of 2nd period - Nik Antropov is hit by Staffan Kronwall and loses puck.
18:43 of 2nd period - Ryan Hollweg is hit by Darren Reid and loses puck.
19:01 of 2nd period - Cam Barker is hit by Mike Ribeiro.
19:17 of 2nd period - Matt Read is hit by Jiri Hudler and loses puck.
19:49 of 2nd period - Icing by Danny DeKeiser.
19:50 of 2nd period - James Neal wins face-off versus Mike Ribeiro in Canucks zone.
Goals for this period are 0 for Rangers vs 1 for Canucks.
Shots for this period are 6 for Rangers vs 9 for Canucks.

3rd period


0:01 of 3rd period - Mike Ribeiro wins face-off versus Alex Tanguay in neutral zone.
0:26 of 3rd period - Jiri Hudler is hit by Mark Fistric and loses puck.
1:01 of 3rd period - Maxim Lapierre is hit by Alexei Emelin and loses puck.
2:06 of 3rd period - Snap shot by Milan Lucic.
2:06 of 3rd period - Stopped by Karri Ramo without a rebound.
2:07 of 3rd period - Darren Reid wins face-off versus Mike Ribeiro in Canucks zone.
2:19 of 3rd period - Snap shot by Mike Ribeiro.
2:19 of 3rd period - Shot Blocked by Mark Fistric.
2:21 of 3rd period - Slapshot by Sami Lepisto.
2:21 of 3rd period - Stopped by Braden Holtby with a rebound.
2:23 of 3rd period - Snap shot by Brad Boyes.
2:23 of 3rd period - Stopped by Braden Holtby without a rebound.
2:24 of 3rd period - Mike Ribeiro wins face-off versus Alex Tanguay in Rangers zone.
2:49 of 3rd period - Jiri Hudler is hit by Mike Cammalleri and loses puck.
4:31 of 3rd period - Ryan Hollweg is hit by Darren Reid and loses puck.
4:50 of 3rd period - Slapshot by Jamie McBain.
4:50 of 3rd period - Stopped by Braden Holtby without a rebound.
4:51 of 3rd period - Mike Ribeiro wins face-off versus Stephen Weiss in Rangers zone.
5:16 of 3rd period - Snap shot by Milan Lucic.
5:16 of 3rd period - Stopped by Karri Ramo with a rebound.
5:22 of 3rd period - Snap shot by Milan Lucic.
5:22 of 3rd period - Shot Misses the Net.
5:40 of 3rd period - Ben Lovejoy is hit by Matt Read and loses puck.
6:58 of 3rd period - Wrist shot by Valtteri Filppula.
6:58 of 3rd period - Shot Blocked by Jamie McBain.
7:00 of 3rd period - Wrist shot by Mike Cammalleri.
7:00 of 3rd period - Shot Blocked by Alex Goligoski.
8:14 of 3rd period - Slapshot by Shaone Morrisonn.
8:14 of 3rd period - Shot Misses the Net.
8:16 of 3rd period - Backhand shot by Shaone Morrisonn.
8:16 of 3rd period - Shot Blocked by Staffan Kronwall.
8:18 of 3rd period - Slapshot by Shaone Morrisonn.
8:18 of 3rd period - Stopped by Braden Holtby with a rebound.
8:20 of 3rd period - Snap shot by Shaone Morrisonn.
8:20 of 3rd period - Stopped by Braden Holtby with a rebound.
8:56 of 3rd period - Alex Goligoski is hit by Cam Barker and loses puck.
9:16 of 3rd period - Slapshot by Chris Higgins.
9:16 of 3rd period - Shot Blocked by Alexei Emelin.
9:24 of 3rd period - Slapshot by Matt Stajan.
9:24 of 3rd period - Shot Hit the Post.
9:45 of 3rd period - Cam Barker is hit by Darren Helm and loses puck.
10:02 of 3rd period - Darren Reid is hit by Mike Ribeiro and loses puck.
10:21 of 3rd period - Milan Lucic is hit by Maxim Lapierre and loses puck.
10:36 of 3rd period - Sami Lepisto is hit by Alex Tanguay and loses puck.
10:53 of 3rd period - Wrist shot by Nathan Gerbe.
10:53 of 3rd period - Stopped by Karri Ramo with a rebound.
10:55 of 3rd period - Snap shot by Mark Fistric.
10:55 of 3rd period - Stopped by Karri Ramo with a rebound.
11:13 of 3rd period - Sami Lepisto is hit by Alex Tanguay and loses puck.
11:28 of 3rd period - Alex Goligoski is hit by Jakob Silfverberg and loses puck.
11:45 of 3rd period - Wrist shot by Ryan Hollweg.
11:45 of 3rd period - Shot Misses the Net.
11:58 of 3rd period - Minor Penalty to Alex Tanguay for Hooking.
11:59 of 3rd period - Mike Ribeiro wins face-off versus Milan Lucic in Rangers zone.
12:21 of 3rd period - Icing by Danny DeKeiser.
12:22 of 3rd period - Nik Antropov wins face-off versus Milan Lucic in Canucks zone.
12:29 of 3rd period - Wrist shot by Jiri Hudler.
12:29 of 3rd period - Shot Misses the Net.
12:31 of 3rd period - Slapshot by Danny DeKeiser.
12:31 of 3rd period - Deflect By Cam Barker.
12:31 of 3rd period - Goal by Danny DeKeiser - Rangers : 2 - Canucks : 3.
12:32 of 3rd period - Milan Lucic wins face-off versus Mike Ribeiro in neutral zone.
12:34 of 3rd period - Minor Penalty to Jakob Silfverberg for Tripping.
12:35 of 3rd period - Mike Ribeiro wins face-off versus Milan Lucic in Rangers zone.
12:37 of 3rd period - Wrist shot by Clarke MacArthur.
12:37 of 3rd period - Shot Misses the Net.
12:39 of 3rd period - Slapshot by Brad Boyes.
12:39 of 3rd period - Goal by Brad Boyes - Rangers : 2 - Canucks : 4.
12:40 of 3rd period - Alex Tanguay wins face-off versus Mike Ribeiro in neutral zone.
13:01 of 3rd period - Minor Penalty to Jakob Silfverberg for Interference.
13:02 of 3rd period - Matt Read wins face-off versus Mike Ribeiro in Rangers zone.
14:48 of 3rd period - Jiri Hudler is hit by James Neal and loses puck.
15:01 of 3rd period - Penalty to Jakob Silfverberg is over, Jakob Silfverberg is back on ice.
15:31 of 3rd period - Ben Lovejoy is hit by Alexei Emelin and loses puck.
16:38 of 3rd period - Jamie McBain is hit by Matt Read and loses puck.
16:51 of 3rd period - Icing by Jamie McBain.
16:52 of 3rd period - Matt Stajan wins face-off versus Stephen Weiss in Canucks zone.
17:15 of 3rd period - Darren Reid is hit by Peter Prucha and loses puck.
17:22 of 3rd period - Snap shot by Ryan Hollweg.
17:22 of 3rd period - Stopped by Braden Holtby with a rebound.
Goals for this period are 0 for Rangers vs 2 for Canucks.
Shots for this period are 4 for Rangers vs 8 for Canucks.